 Dungeon Crawl Stone Soup version 0.29.0-13-gc9e81de378 (webtiles) character file.

Game seed: 5200655402281945360

4631 themarg the Fighter (level 10, -10/138 HPs)
             Began as a Minotaur Berserker on Sept 7, 2022.
             Was an Elder of Trog.
             Mangled by an orc knight
             ... wielding a +0 trident
              (14 damage)
             ... in a bailey.
             The game lasted 00:17:06 (6326 turns).

themarg the Fighter (Minotaur Berserker)            Turns: 6326, Time: 00:17:07

Health: -10/138    AC: 11    Str: 26    XL:     10   Next: 20%
Magic:  9/9        EV: 18    Int:  4    God:    Trog [****..]
Gold:   447        SH:  5    Dex: 10    Spells: 9/9 levels left

rFire   . . .      SeeInvis .   a - +0 hand axe
rCold   . . .      Faith    .   (no shield)
rNeg    . . .      Spirit   .   o - +2 leather armour {rPois}
rPois   +          Reflect  +   (helmet restricted)
rElec   .          Harm     .   i - +0 cloak
rCorr   .          Rampage  .   w - +1 pair of gloves
Will    .....                   r - +0 pair of boots
Stlth   ..........              c - amulet of reflection
HPRegen 0.33/turn               x - +4 ring of evasion
MPRegen 0.11/turn               (no ring)

@: berserking, very quick
A: horns 2, retaliatory headbutt
a: Renounce Religion, Berserk, Trog's Hand, Brothers in Arms


You were in a bailey.
You worshipped Trog.
Trog was greatly pleased with you.
You visited 1 branch of the dungeon, and saw 8 of its levels.
You also visited: Bailey.

You collected 447 gold pieces.

Inventory:

Hand Weapons
 a - a +0 hand axe (weapon)
Missiles
 h - a throwing net
Armour
 i - a +0 cloak (worn)
 o - a +2 leather armour of poison resistance (worn)
 r - a +0 pair of boots (worn)
 w - a +1 pair of gloves (worn)
Jewellery
 c - an amulet of reflection (around neck)
 x - a +4 ring of evasion (left hand)
 G - a ring of fire
 J - a ring of magical power
Wands
 l - a wand of flame (49) (quivered)
 u - a wand of roots (13)
 D - a wand of mindburst (17)
Scrolls
 b - 2 scrolls of enchant weapon {unknown}
 f - 4 scrolls of blinking
 g - 3 scrolls of poison {unknown}
 k - 2 scrolls of amnesia
 n - 11 scrolls of teleportation
 p - a scroll of summoning
 v - a scroll of magic mapping {unknown}
 y - 5 scrolls of immolation
 z - a scroll of butterflies {unknown}
 B - 3 scrolls of vulnerability
 C - 3 scrolls of enchant armour
Potions
 d - 5 potions of curing
 e - 2 potions of degeneration {unknown}
 j - 2 potions of flight
 m - 3 potions of haste
 q - a potion of lignification {unknown}
 s - 2 potions of cancellation {unknown}
 t - 4 potions of attraction
 A - 4 potions of brilliance
 E - 2 potions of berserk rage {unknown}
 F - 3 potions of mutation {unknown}
 H - 2 potions of might {unknown}


   Skills:
 + Level 9.7 Fighting
 + Level 9.7 Axes
 + Level 9.2 Armour
 + Level 8.5 Dodging


You had 9 spell levels left.
You didn't know any spells.
Your spell library was empty.

Dungeon Overview and Level Annotations

Branches:
Dungeon (8/15)             Temple (0/1) D:4          Bailey (1/1)
   Lair: D:8-11

Altars:
Qazlal
Uskayaw
Wu Jian
Zin

Annotations:
D:8 2 exclusions Bailey 2 runed translucent doors


Innate Abilities, Weirdness & Mutations

You have a pair of horns on your head.
You reflexively headbutt those who attack you in melee.


Message History

You kill the orc warrior!
Trog accepts your kill. You block the orc knight's attack.
The orc warrior hits you with a +0 spear!!
* * * LOW HITPOINT WARNING * * *
You closely miss the orc warrior.
The orc warrior is severely wounded.
You slash the orc warrior!
You feel the power of Trog in you as your rage grows.
You kill the orc warrior!
Trog accepts your kill. The orc knight misses you.
Things that are here:
a +0 halberd; a +0 chain mail; an orc corpse You slash the orc knight!
The orc knight is lightly wounded.
You slash the orc!
You kill the orc!
Trog accepts your kill.
The orc knight hits you with a +0 trident!!
* * * LOW HITPOINT WARNING * * *
You are too berserk!
Okay, then.
You barely miss the orc knight. You headbutt the orc knight.
The orc knight is moderately wounded.
You closely miss the orc knight. Your headbutt misses the orc knight.
The orc knight is moderately wounded.
The orc knight closely misses you. You furiously retaliate!
You headbutt the orc knight! You closely miss the orc knight.
The orc knight is moderately wounded.
You hit the orc knight but do no damage.
Your headbutt misses the orc knight.
The orc knight is moderately wounded.
The orc knight barely misses you. You furiously retaliate!
You headbutt the orc knight! You slash the orc knight!
You headbutt the orc knight.
The orc knight is severely wounded.
The orc knight hits you with a +0 trident!
You die...

..♣..≈≈≈≈....#).######
....######...#.8# ..
.............#..# .
.............'..# +.
.............'..# .+.
.............#..# ..#
....######...#.8# ..#
.....≈≈≈≈....#..########.
..♣..≈≈≈≈.♣.##.)@o.......
.....≈≈≈≈...#....).......
#.♣..≈≈≈≈♣..#$.##########
#...≈≈≈≈≈♣..####
#♣.≈≈≈≈≈♣♣....#
♣≈≈≈≈≈♣♣♣..## ###### ####


You could see an orc knight.

Vanquished Creatures
  Joseph (D:7)
  Maggie (D:7)
  Sigmund (D:2)
  6 yaks
  A wyvern (D:7)
  A water moccasin (D:7)
  2 ice beasts
  4 orc warriors
  A sky beast (D:6)
  2 black bears
  2 ogres
  2 centaurs
  2 kobold brigands
  A bullfrog (D:6)
  A necrophage (D:4)
  A scorpion (D:6)
  5 wights (D:8)
  3 howler monkeys
  2 jellies (D:6)
  5 hounds
  An orc priest (D:7)
  A gnoll bouda (D:7)
  Jessica (D:3)
  5 iguanas
  Natasha (D:3)
  7 orc wizards
  8 gnolls
  6 adders
  A shadow imp (D:7)
  A white imp (D:5)
  2 worms
  3 dart slugs
  29 orcs
  4 endoplasms
  4 goblins
  8 hobgoblins
  2 jackals (D:4)
  12 kobolds
  4 quokkas
  5 ball pythons
  9 bats
  A frilled lizard (D:3)
  3 rats
162 creatures vanquished.

Vanquished Creatures (others)
  An orc (D:6)
  3 plants (D:2)
4 creatures vanquished.

Grand Total: 166 creatures vanquished

Notes
Turn   | Place    | Note
-------+----------+-------------------------------------------
     0 | D:1      | themarg the Minotaur Berserker began the quest for the Orb.
     0 | D:1      | Reached XP level 1. HP: 19/19 MP: 0/0
   437 | D:1      | Reached XP level 2. HP: 27/27 MP: 1/1
   798 | D:2      | Found a hide-covered altar of Uskayaw.
   855 | D:2      | Found a faded altar of an unknown god.
  1077 | D:2      | Noticed Sigmund
  1084 | D:2      | Killed Sigmund
  1085 | D:2      | Reached XP level 3. HP: 35/35 MP: 2/2
  1085 | D:2      | Reached XP level 4. HP: 41/41 MP: 3/3
  1085 | D:2      | Reached XP level 5. HP: 47/47 MP: 4/4
  1947 | D:3      | Reached skill level 5 in Axes
  1982 | D:3      | Noticed Jessica
  1988 | D:3      | Killed Jessica
  1989 | D:3      | Reached skill level 5 in Fighting
  2316 | D:3      | Reached XP level 6. HP: 56/56 MP: 5/5
  2403 | D:3      | Reached ** piety under Trog
  2677 | D:3      | Noticed Natasha
  2680 | D:3      | Killed Natasha
  2738 | D:4      | Found an ornate altar of the Wu Jian Council.
  2768 | D:4      | Found a staircase to the Ecumenical Temple.
  3066 | D:4      | Reached skill level 5 in Armour
  3066 | D:4      | Reached XP level 7. HP: 62/62 MP: 6/6
  3284 | D:5      | Entered Level 5 of the Dungeon
  3459 | D:5      | Reached *** piety under Trog
  3460 | D:5      | Reached skill level 5 in Dodging
  4075 | D:6      | Reached XP level 8. HP: 63/71 MP: 7/7
  4862 | D:7      | Noticed Maggie
  4883 | D:7      | Killed Maggie
  4884 | D:7      | Reached XP level 9. HP: 51/81 MP: 8/8
  4982 | D:7      | Noticed Joseph
  5385 | D:7      | Killed Joseph
  5476 | D:7      | Found a glowing silver altar of Zin.
  5523 | D:7      | Reached **** piety under Trog
  5927 | D:8      | Found a stormy altar of Qazlal.
  5953 | D:8      | Reached XP level 10. HP: 91/91 MP: 9/9
  6181 | D:8      | Found a flagged portal.
  6189 | Bailey   | Entered a bailey
  6305 | Bailey   | Found a large runed translucent door.
  6305 | Bailey   | Found a large runed translucent door.
  6306 | Bailey   | Noticed an orc knight
  6321 | Bailey   | HP: 3/138 [orc knight/+0 trident (20)]
  6326 | Bailey   | Mangled by an orc knight

Illustrated notes

Levels and vault maps discovered:
D:1:      dpeg_arrival_shelter, layout_basic
D:2:      layout_basic, basic_altar, serial_forest, infiniplex_forest_side_room,
          infiniplex_forest_side_room, infiniplex_forest_clump_medium,
          infiniplex_forest_end_2, infiniplex_forest_lined_4_way,
          chequers_ecumenical_altar_twisty, corexii_shack, uniq_sigmund
D:3:      layout_loops_ring, nicolae_figureground_pulse, uniq_jessica,
          uniq_natasha
D:4:      layout_cave_pools, mainiacjoe_overflow_paths,
          minmay_temple_entry_antechambers, serial_glass, glass_columns_a,
          glass_columns_b
D:5:      layout_loops_ring, due_unseen_surprise
D:6:      minmay_skewed_foursquare, layout_basic
D:7:      layout_rooms, zin_academy, kennysheep_path_1, uniq_maggie, uniq_joseph
D:8:      layout_loops_ring, mainiacjoe_overflow_catwalk, doesnt_xom_only_xom,
          enter_bailey_6, uniq_prince_ribbit1
Bailey:   bailey_polearm_elven_captive_hellmonk, bailey

Skill      XL: |  1  2  3  4  5  6  7  8  9 10 |
---------------+-------------------------------+-----
Fighting       | 4 5 6 8 9 |  9.7
Axes           | 4 5 6 8 9 |  9.7
Armour         | 4 5 6 7 8 9 |  9.2
Dodging        | 3 4 5 6 8 |  8.5

Action                   |  1- 3 |  4- 6 |  7- 9 | 10-12 || total
-------------------------+-------+-------+-------+-------++-------
Melee: Hand axe          |    33 |   104 |   297 |    62 ||   496
       Headbutt          |     4 |    19 |    53 |    16 ||    92
       Punch             |       |     1 |     2 |       ||     3
Invok: Berserk           |     1 |     2 |     3 |     2 ||     8
Evoke: Wand              |       |       |     3 |       ||     3
  Use: Scroll            |       |       |    11 |       ||    11
 Stab: Sleeping          |     1 |       |       |       ||     1
Armor: Animal skin       |    11 |       |       |       ||    11
       Leather armour    |       |    27 |    79 |    11 ||   117
Dodge: Dodged            |    30 |    69 |   212 |    33 ||   344
Block: Other             |       |       |    47 |    16 ||    63
       Reflection        |       |       |     1 |       ||     1
